 Dungeon Crawl Stone Soup version 0.29.1-12-g30fa7ad0bf (webtiles) character file.

Game seed: 9652820966003037468

116 raph the Changer (level 4, -1/35 HPs)
             Began as a Draconian Transmuter on Dec 12, 2022.
             Succumbed to a gnoll's poison
             ... on level 2 of the Dungeon.
             The game lasted 00:02:30 (2098 turns).

raph the Changer (Draconian Transmuter)             Turns: 2098, Time: 00:02:30

Health: -1/35      AC:  2    Str: 12    XL:     4   Next: 70%
Magic:  4/7        EV: 19    Int: 16    God:
Gold:   141        SH:  0    Dex: 16    Spells: 1/7 levels left

rFire   . . .      SeeInvis .     - Unarmed
rCold   . . .      Faith    .   (shield currently unavailable)
rNeg    . . .      Spirit   .   (body armour unavailable)
rPois   x          Reflect  .   (helmet currently unavailable)
rElec   .          Harm     .   (cloak currently unavailable)
rCorr   .          Rampage  .   (gloves currently unavailable)
Will    .....                   (boots currently unavailable)
Stlth   +.........              (no amulet)
HPRegen 0.11/turn               (no ring)
MPRegen 0.10/turn               (no ring)

@: lethally poisoned (-1 -> -12), spider-form (expiring)
A: venomous fangs, AC +5, tiny, unfitting armour, (cold-blooded)
a: End Transformation


You were on level 2 of the Dungeon.
You were a venomous arachnid creature.
You visited 1 branch of the dungeon, and saw 3 of its levels.

You collected 141 gold pieces.

Inventory:

Armour
 b - a +0 pair of gloves (melded)
Wands
 j - a wand of polymorph (9)
Scrolls
 d - 2 scrolls of magic mapping {unknown}
 f - a scroll of enchant armour {unknown}
 g - 2 scrolls of teleportation {unknown}
 i - 3 scrolls of identify {unknown}
Potions
 a - a potion of lignification
 c - 2 potions of magic {unknown}
 e - 2 potions of resistance {unknown}
 h - 2 potions of flight {unknown}


   Skills:
 + Level 1.6 Fighting
 - Level 1.7 Dodging
 + Level 3.2 Unarmed Combat
 + Level 2.2 Spellcasting
 * Level 4.5 Transmutations


You had one spell level left.
You knew the following spells:

 Your Spells              Type           Power      Damage    Failure   Level
a - Beastly Appendage     Tmut           32%        N/A       11%         1
b - Wereblood             Tmut           16%        N/A       14%         2
c - Spider Form           Tmut/Pois      9%         N/A       45%         3

Your spell library contained the following spells:

 Spells                   Type           Power      Damage    Failure   Level
 Blink                    Tloc           2%         N/A       52%         2
 Poisonous Vapours        Pois/Air       2%         N/A       52%         2
 Lesser Beckoning         Tloc           1%         N/A       73%         3
 Ice Form                 Ice/Tmut       9%         N/A       82%         4
 Corpse Rot               Necr/Pois/Air  1%         N/A       97%         4
 Manifold Assault         Tloc           1%         N/A       100%        5


Dungeon Overview and Level Annotations

Branches:
Dungeon (3/15)

Altars:


Innate Abilities, Weirdness & Mutations

You are a venomous arachnid creature.
You have poisonous fangs.
You are tiny and dextrous.
Your spellcasting is less reliable in this form.
Your armour is entirely melded.
You are incapable of wielding weapons or throwing items.
((Your plain brown scales are hard. (AC +5)))
You cannot fit into any form of body armour.
((You are cold-blooded and may be slowed by cold attacks.))


Message History

You hit the gnoll.
The gnoll is moderately wounded.
You hit the gnoll. You headbutt the gnoll.
You kill the gnoll!
You start resting.
Your transformation is almost over.
Your horns disappear.
Your talons disappear.
HP restored.
You start waiting.
Done waiting.
Casting: Beastly Appendage (safe; 3% risk of failure)
Confirm with . or Enter, or press ? or * to list all spells.
You turn into a venomous arachnid creature.
Your +0 pair of gloves melds into your body.
You climb downwards.
The gnoll closely misses you.
A gnoll comes into view. It is wielding a +0 flail.
There is a stone staircase leading up here.
A hobgoblin comes into view.
The hobgoblin shouts!
The gnoll shouts! x2; You hear an angry hiss.
The gnoll closely misses you.
The gnoll hits you from afar with a +0 halberd!
You hear an angry hiss.
You hit the gnoll.
The gnoll is poisoned.
The gnoll is heavily wounded.
Your transformation is almost over.
The gnoll hits you with a +1 spear of venom!
The gnoll misses you.
A ball python comes into view.
The gnoll attacks as you move away!
The gnoll hits you with a +1 spear of venom.
* * * LOW HITPOINT WARNING * * *
The gnoll hits you from afar with a +1 spear of venom.
* * * LOW HITPOINT WARNING * * *
You are lethally poisoned!
There is a stone staircase leading up here.
* * * LOW HITPOINT WARNING * * *
You feel very sick. The gnoll closely misses you. The gnoll misses you.
You climb upwards.
You die...

..#....†...##..#
..#........###.#
###............##
#.....#.#.#...###
#.....#.#.......#
####......#...#.#.#
..............#.#.#
######.........)#.#
#..........s.##
######..#..........#
............####...#
###................#
..<####.#<######.#.#
#######.#.#
#.#.##### #.......#
#.......#
#########.#
#...###.#
........#.# #.###
#.#


There were no monsters in sight!

Vanquished Creatures
  Jessica (D:2)
  4 adders (D:2)
  A gnoll (D:2)
  A dart slug (D:2)
  4 endoplasms
  A giant cockroach (D:2)
  2 goblins (D:2)
  7 hobgoblins
  2 quokkas
  7 ball pythons
  5 bats
  3 frilled lizards
  4 kobolds (D:1)
  2 rats
44 creatures vanquished.

Notes
Turn   | Place    | Note
-------+----------+-------------------------------------------
     0 | D:1      | raph the Draconian Transmuter began the quest for the Orb.
     0 | D:1      | Reached XP level 1. HP: 16/16 MP: 3/3
   287 | D:1      | Reached XP level 2. HP: 22/23 MP: 3/5
   290 | D:1      | Learned a level 2 spell: Wereblood
   387 | D:1      | Reached skill level 3 in Transmutations
   796 | D:1      | Found a faded altar of an unknown god.
   971 | D:2      | Noticed Jessica
   977 | D:2      | Killed Jessica
   978 | D:2      | Reached XP level 3. HP: 28/28 MP: 4/6
  1019 | D:2      | Reached skill level 4 in Transmutations
  1023 | D:2      | Learned a level 3 spell: Spider Form
  1281 | D:2      | Reached XP level 4. HP: 35/35 MP: 5/7
  2097 | D:3      | HP: 1/35 [poisoned by a gnoll]
  2098 | D:2      | Succumbed to a gnoll's poison

Illustrated notes

Levels and vault maps discovered:
D:1:      kennysheep_arrival_seaside, layout_rooms, serial_aquarium,
          aquarium_bridge_straight [aquarium_subvault_bridge,
          aquarium_subvault_wall, aquarium_subvault_bridge,
          aquarium_subvault_wall], aquarium_window_corner, aquarium_window_1,
          aquarium_window_corridor_3, aquarium_view_2a, aquarium_view_2f,
          aquarium_balcony_double_1, aquarium_pool_2, basic_ecumenical_altar
D:2:      layout_basic, uniq_jessica
D:3:      layout_rooms, mainiacjoe_overflow_surrounded_room

Skill      XL: |  1  2  3 |
---------------+----------+-----
Transmutations | 3 4 |  4.5
Fighting       | |  1.6
Dodging        | |  1.7
Unarmed Combat | |  3.2
Spellcasting   | |  2.2

Action                   |  1- 3 |  4- 6 || total
-------------------------+-------+-------++-------
Melee: Unarmed           |    63 |    41 ||   104
       Kick              |    12 |     9 ||    21
       Tailslap          |     4 |     4 ||     8
       Headbutt          |     5 |     3 ||     8
       Punch             |     1 |       ||     1
 Cast: Beastly Appendage |    18 |    10 ||    28
       Spider Form       |       |     1 ||     1
 Stab: Sleeping          |     2 |       ||     2
Armor: Skin              |    23 |     9 ||    32
Dodge: Dodged            |    39 |    29 ||    68
